 Dungeon Crawl Stone Soup version 0.21.1-1-g345015f (webtiles) character file.

3 sankara the Skirmisher (level 1, -1/24 HPs)
             Began as an Ogre Monk on Apr 20, 2018.
             Slain by a gnoll
             ... wielding a +0 whip
              (8 damage)
             ... on level 1 of the Dungeon.
             The game lasted 00:00:54 (123 turns).

sankara the Skirmisher (Ogre Monk)                   Turns: 123, Time: 00:00:55

Health: -1/24      AC:  3    Str: 14    XL:     1   Next: 50%
Magic:  1/1        EV: 10    Int: 11    God:
Gold:   0          SH:  0    Dex: 11    Spells: 0/0 levels left

rFire    . . .     SeeInvis .   a - +0 mace
rCold    . . .     Gourm    .   (no shield)
rNeg     . . .     Faith    .   b - +0 robe
rPois    .         Spirit   .   (helmet restricted)
rElec    .         Reflect  .   (no cloak)
rCorr    .         Harm     .   (gloves unavailable)
MR       .....                  (boots unavailable)
Stlth    ++........             (no amulet)
HPRegen  0.08/turn              (no ring)
MPRegen  0.07/turn              (no ring)

@: no status effects
A: large, unfitting armour, tough skin 1
a: no special abilities


You were on level 1 of the Dungeon.
You were not hungry.

You visited 1 branch of the dungeon, and saw 1 of its levels.

Inventory:

Hand Weapons
 a - a +0 mace (weapon)
Missiles
 e - 21 stones (quivered)
Armour
 b - a +0 robe (worn)
Scrolls
 f - a scroll of identify {unknown}
Potions
 d - a potion of cancellation {unknown}
 g - a potion of brilliance {unknown}
 h - a potion of invisibility {unknown}
Comestibles
 c - a ration


   Skills:
 - Level 4.0 Fighting
 + Level 2.8 Maces & Flails
 + Level 0.4 Throwing
 - Level 2.6 Dodging
 - Level 1.4 Stealth


You couldn't memorise any spells.
You didn't know any spells.

Dungeon Overview and Level Annotations

Branches:
Dungeon (1/15)

Altars:


Innate Abilities, Weirdness & Mutations

You are too large for most types of armour.
You have tough skin. (AC +1)


Message History

e - 25 stones
f - a scroll labeled MUEDDOGEVA You open the door.
There is an open door here.
g - a black potion
h - a yellow potion You open the door.
Found a stone staircase leading down.
There is an open door here.
A giant cockroach comes into view.
Throwing (i - inventory):
e - 25 stones (quivered)
Press: ? - help, Shift-Dir - straight line, f - giant cockroach
Aim: a giant cockroach (clinging, resting)
You throw a stone.
The stone hits the giant cockroach but does no damage.
Throwing (i - inventory):
e - 24 stones (quivered)
Press: ? - help, Shift-Dir - straight line, f/p - giant cockroach
Aim: a giant cockroach You throw a stone.
The stone closely misses the giant cockroach.
Throwing (i - inventory):
e - 23 stones (quivered)
Press: ? - help, Shift-Dir - straight line, f/p - giant cockroach
Aim: a giant cockroach You throw a stone.
The stone hits the giant cockroach but does no damage.
Throwing (i - inventory):
e - 22 stones (quivered)
Press: ? - help, Shift-Dir - straight line, f/p - giant cockroach
Aim: a giant cockroach (clinging)
You throw a stone.
The stone closely misses the giant cockroach.
Throwing (i - inventory):
e - 21 stones (quivered)
Press: ? - help, Shift-Dir - straight line, f/p - giant cockroach
Aim: a giant cockroach (clinging)
You throw a stone.
The stone hits the giant cockroach but does no damage.
You closely miss the giant cockroach. The giant cockroach bites you.
The giant cockroach bites you but does no damage.
You sock the giant cockroach!
You kill the giant cockroach!
e - 21 stones (gained 1)
A gnoll comes into view. It is wielding a whip.
You see here a stone.
A bat comes into view.
The gnoll shouts!
The bat hits you but does no damage. The bat hits you.
You see here a stone.
The bat hits you. The bat hits you. The bat completely misses you.
The bat hits you but does no damage. The bat misses you.
The bat hits you but does no damage.
You barely miss the bat. The bat hits you but does no damage.
The bat closely misses you. The bat hits you but does no damage.
You closely miss the bat. The bat closely misses you. x2
You hit the bat.
The bat is moderately wounded.
The bat closely misses you.
You hit the bat but do no damage.
The bat is moderately wounded.
The bat closely misses you. The bat barely misses you.
You closely miss the bat. The bat hits you. x2
The bat hits you but does no damage. The bat hits you.
You hit the bat.
The bat is severely wounded.
The bat hits you.
You miss the bat.
The bat is severely wounded.
The bat hits you but does no damage.
You closely miss the bat.
The bat is severely wounded.
The bat hits you but does no damage. The bat closely misses you.
You miss the bat.
The bat is severely wounded.
The bat misses you. The bat closely misses you.
You closely miss the bat.
The bat is severely wounded.
The bat hits you but does no damage. The bat barely misses you.
You closely miss the bat.
The bat is severely wounded.
The bat hits you but does no damage. x3
You barely miss the bat.
The bat is severely wounded.
The bat hits you. The bat closely misses you.
You hit the bat but do no damage.
The bat is severely wounded.
The bat closely misses you.
You barely miss the bat.
The bat is severely wounded.
The bat barely misses you. The bat hits you but does no damage.
The bat closely misses you.
You hit the bat.
You kill the bat!
You barely miss the gnoll. The gnoll barely misses you. x2
You hit the gnoll but do no damage. The gnoll hits you with a whip!
You barely miss the gnoll. The gnoll hits you with a whip.
* * * LOW HITPOINT WARNING * * *
You hit the gnoll but do no damage. The gnoll hits you with a whip!
You die...

#........# ###+###
#.##..#+######....
#.###..........##.
#.#............##.
#.###..........'.. #.#
#..........### . #.#
#..........# # ..
#.###.#.......## # ...
#@#...........# # ..#.
#g#.#.........#### .....
#.#.#.#...........
#.#...#.#.#.#.......####
........#.#.#.......# #
#.#...##......####### #
........(........ #
###..###..#.#... #
...........# . #


You could see a gnoll.

Vanquished Creatures
  A giant cockroach (D:1)
  2 bats (D:1)
3 creatures vanquished.

Notes
Turn   | Place    | Note
-------+----------+-------------------------------------------
     0 | D:1      | sankara the Ogre Monk began the quest for the Orb.
     0 | D:1      | Reached XP level 1. HP: 24/24 MP: 1/1
   123 | D:1      | Slain by a gnoll

Action                   || total
-------------------------++-------
Melee: Mace              ||    23
Throw: Stone             ||     5
Armor: Robe              ||    16
Dodge: Dodged            ||    18

Vault maps used:
D:1:      eino_arrival_water_cross

Table legend:
 A = Turns spent in this place as a percentage of turns spent in the entire game.
 B = Non-inter-level travel turns spent in this place as a percentage of non-inter-level travel turns spent in the entire game.
 C = Inter-level travel turns spent in this place as a percentage of turns spent in this place.
 D = Turns resting spent in this place as a percentage of non-inter-level travel turns spent in this place.
 E = Turns spent auto-exploring this place as a percentage of non-inter-level travel turns spent in this place.
 F = Non-inter-level travel turns spent in this place divided by the number of levels of this place that you've seen.
                   A       B       C       D       E      F
               +-------+-------+-------+-------+-------+----------------------
         Total | 100.0 | 100.0 |   0.0 |   0.0 |  56.9 | 123.0
       Dungeon | 100.0 | 100.0 |   0.0 |   0.0 |  56.9 | 123.0
               +-------+-------+-------+-------+-------+----------------------

Table legend:
 A = Kills in this place as a percentage of kills in entire the game.
 B = Kills by you in this place as a percentage of kills by you in the entire game.
 C = Kills by friends in this place as a percentage of kills by friends in the entire game.
 D = Other kills in this place as a percentage of other kills in the entire game.
 E = Experience gained in this place as a percentage of experience gained in the entire game.
 F = Experience gained in this place divided by the number of levels of this place that you have seen.
                   A       B       C       D       E      F
               +-------+-------+-------+-------+-------+----------------------
         Total | 100.0 | 100.0 |   N/A |   N/A | 100.0 |   5.0
       Dungeon | 100.0 | 100.0 |   N/A |   N/A | 100.0 |   5.0
               +-------+-------+-------+-------+-------+----------------------
